 Dungeon Crawl Stone Soup version 0.29.0-4-gdea44cf6ec (webtiles) character file.

Game seed: 18330864746533586919

22365 qw the Severer (level 12, 0/82 HPs)
             Began as a Gargoyle Berserker on Sept 8, 2022.
             Was an Elder of Trog.
             Slain by a hell rat (4 damage)
             ... on level 5 of the Lair of Beasts.
             The game lasted 00:04:51 (14886 turns).

qw the Severer (Gargoyle Berserker)                Turns: 14886, Time: 00:04:51

Health: 0/82       AC: 30    Str: 29    XL:     12   Next: 99%
Magic:  12/12      EV:  9    Int: 14    God:    Trog [****..]
Gold:   442        SH:  0    Dex:  9    Spells: 11/11 levels left

rFire   . . .      SeeInvis .   Y - +0 war axe
rCold   + . .      Faith    .   (no shield)
rNeg    + . .      Spirit   .   m - +0 chain mail
rPois   inf        Reflect  .   (no helmet)
rElec   +          Harm     .   c - +2 cloak
rCorr   +          Rampage  .   b - +0 pair of gloves
Will    .....                   o - +0 pair of boots
Stlth   ..........              (no amulet)
HPRegen 0.23/turn               i - ring "Gudah" {rC+ AC+4 Str+3 Int+6 Stlth+}
MPRegen 0.13/turn               g - ring of resist corrosion

@: about to teleport, on berserk cooldown, slowed, very slow
A: sickness immunity, AC +8, negative energy resistance 1, electricity
resistance, torment resistance 1, petrification resistance
a: Renounce Religion, Berserk, Trog's Hand, Brothers in Arms


You were on level 5 of the Lair of Beasts.
You worshipped Trog.
Trog was greatly pleased with you.
You visited 2 branches of the dungeon, and saw 13 of its levels.

You collected 730 gold pieces.
You spent 288 gold pieces at shops.


Innate Abilities, Weirdness & Mutations

You are immune to sickness and miasma.
Your stone body is resilient. (AC +8)
You are immune to poison.
You resist negative energy. (rN+)
You are resistant to electric shocks. (rElec)
You are resistant to unholy torment.
You are immune to petrification.


   Skills:
 - Level 12.3 Fighting
 + Level 15.0 Axes
 - Level 1.4 Throwing
 - Level 9.0 Armour
 - Level 3.1 Dodging


You had 11 spell levels left.
You didn't know any spells.
Your spell library was empty.

Inventory:

Hand Weapons
 q - a +1 flail of draining
 Y - a +0 war axe (weapon)
Armour
 b - a +0 pair of gloves (worn)
 c - a +2 cloak (worn)
 m - a +0 chain mail (worn)
 o - a +0 pair of boots (worn)
 r - the +0 pair of boots of Koirghol {Harm rC- rN++}
   (You acquired it on level 1 of the Lair of Beasts)

   rC:        It makes you vulnerable to cold.
   rN:        It greatly protects you from negative energy.
   Harm:      It increases damage dealt and taken.
Jewellery
 e - the ring "Zerph" {+Blink rN+ Will- Int+2 Dex+6}
   (You acquired it on level 4 of the Dungeon)

   [ring of dexterity]

   Int:       It affects your intelligence (+2).
   Dex:       It affects your dexterity (+6).
   rN:        It protects you from negative energy.
   +Blink:    It lets you blink.
   Will:      It decreases your willpower.
 g - a ring of resist corrosion (right hand)
 i - the ring "Gudah" (left hand) {rC+ AC+4 Str+3 Int+6 Stlth+}
   (You found it on level 2 of the Dungeon)

   [ring of protection]

   AC:        It affects your AC (+4).
   Str:       It affects your strength (+3).
   Int:       It affects your intelligence (+6).
   rC:        It protects you from cold.
   Stlth:     It makes you more stealthy.
Scrolls
 a - 4 scrolls of teleportation
 d - a scroll of identify
Potions
 f - a potion of resistance {unknown}
 h - a potion of cancellation
 j - a potion of haste
 k - a potion of invisibility {unknown}
 l - 3 potions of curing
 n - a potion of might
 p - a potion of lignification {unknown}
 s - a potion of mutation {unknown}

Dungeon Overview and Level Annotations

Branches:
Dungeon (8/15)             Temple (0/1) D:6            Lair (4/5) D:8
 Shoals (0/4) Lair:2       Spider (0/4) Lair:2
  Slime: Lair:4-5

Altars:
Ashenzari
Cheibriados
Hepliaklqana
Makhleb
Okawaru
Ru
Vehumet
Wu Jian
Xom
Yredelemnul
The Shining One

Shops:
D:3 [*[   D:6 *


Message History

Kirke hits you but does no damage.
The water moccasin bites you but does no damage.
The lindwurm bites you!
The lindwurm claws you but does no damage. x2
Kirke hits you but does no damage.
14883 ||| READING 6 scrolls of teleportation.
As you read the scroll of teleportation, it crumbles to dust.
You feel strangely unstable. The water moccasin bites you.
The water moccasin barely misses you.
The lindwurm bites you but does no damage.
The lindwurm claws you but does no damage. x2
Kirke gestures wildly while chanting.
Kirke summons a sphinx!
The water moccasin closely misses you.
You slice Kirke!!
You kill Kirke!
Trog accepts your kill.
Trog appreciates your killing of a magic user.
The lindwurm disappears in a puff of smoke!
The sphinx disappears in a puff of smoke!
You slash the water moccasin!
You kill the water moccasin!
Trog accepts your kill.
Your skin stops crawling.
You feel less strong-willed.
Your Fighting skill increases to level 12!
You start resting.
Your surroundings suddenly seem different.
A komodo dragon and 5 hell rats come into view.
The komodo dragon hisses angrily.
The hell rat roars deafeningly! x4
You hear a bellow! x2; You hear a trumpeting!
The hell rat misses you. The hell rat bites you!
The hell rat closely misses you.
The hell rat bites you but does no damage.
The komodo dragon bites you but does no damage.
Enter note:
14886 ||| READING 5 scrolls of teleportation.
As you read the scroll of teleportation, it crumbles to dust.
You feel strangely unstable. The hell rat closely misses you.
The hell rat misses you. The hell rat bites you.
You die...

........
......P #....P
.....# #....#
#. #...####
##...##rl...P#.
......r@r......
.....rr........
##.####.....#P#
#..#### ####


You could see a komodo dragon and 5 hell rats.

Vanquished Creatures
  Kirke (Lair:5)
  Fannar (Lair:2)
  2 hydras
  A black mamba (Lair:1)
  5 elephants (Lair:2)
  Joseph (D:8)
  A merfolk siren (Lair:2)
  5 cane toads
  5 komodo dragons
  3 rime drakes
  4 polar bears
  13 blink frogs
  3 jumping spiders (Lair:2)
  3 basilisks
  7 hogs (Lair:5)
  18 yaks
  4 wyverns
  A steam dragon (D:7)
  Menkaure (D:5)
  12 water moccasins
  A sky beast (D:7)
  4 black bears
  4 ogres
  13 wolves
  2 centaurs
  7 bullfrogs
  2 necrophages
  3 scorpions
  3 wights (D:7)
  A howler monkey (D:5)
  2 gnoll boudas
  2 orc priests
  5 hounds
  2 iguanas
  3 orc wizards
  4 hell rats (Lair:1)
  A polar bear simulacrum (Lair:1)
  7 adders
  11 gnolls
  An ufetubus (D:5)
  A worm (D:3)
  15 orcs
  11 ball pythons
  6 endoplasms
  2 giant cockroaches
  8 hobgoblins
  5 jackals
  11 kobolds
  2 quokkas
  7 bats
  3 frilled lizards (D:1)
  7 goblins
  An orc zombie (D:8)
  5 rats
253 creatures vanquished.

Vanquished Creatures (others)
  6 bushes
  26 fungi
  108 plants
140 creatures vanquished.

Grand Total: 393 creatures vanquished

Notes
Turn   | Place    | Note
-------+----------+-------------------------------------------
     0 | D:1      | qw the Gargoyle Berserker began the quest for the Orb.
     0 | D:1      | Reached XP level 1. HP: 14/14 MP: 1/1
     0 | D:1      | 0 ||| qw: Version: 0.1-a-112-g44dc6cd
     0 | D:1      | 0 ||| qw: Game counter: 6685
     0 | D:1      | 0 ||| qw: Always use a shield: true
     0 | D:1      | 0 ||| qw: Do Orc after D:15 true
     0 | D:1      | 0 ||| qw: Do second Lair branch before Depths: true
     0 | D:1      | 0 ||| qw: Lair rune preference: random
     0 | D:1      | 0 ||| qw: Plans: Normal
     0 | D:1      | 0 ||| PLANNING D:1-11
    59 | D:1      | Reached skill level 3 in Axes
   151 | D:1      | 151 ||| INVOKING Berserk.
   153 | D:1      | Reached XP level 2. HP: 8/19 MP: 2/2
   566 | D:1      | 566 ||| DROPPING +0 club.
   709 | D:1      | 709 ||| Stepping ~*~*~tactically~*~*~ (stealth).
   710 | D:1      | 710 ||| Stepping ~*~*~tactically~*~*~ (stealth).
   714 | D:1      | 714 ||| Stepping ~*~*~tactically~*~*~ (stealth).
   717 | D:1      | 717 ||| Stepping ~*~*~tactically~*~*~ (stealth).
   720 | D:1      | 720 ||| Stepping ~*~*~tactically~*~*~ (stealth).
   721 | D:1      | 721 ||| Stepping ~*~*~tactically~*~*~ (stealth).
   722 | D:1      | 722 ||| Stepping ~*~*~tactically~*~*~ (stealth).
  1017 | D:1      | Reached XP level 3. HP: 15/23 MP: 3/3
  1163 | D:1      | 1163 ||| Stepping ~*~*~tactically~*~*~ (stealth).
  1180 | D:1      | Reached ** piety under Trog
  1406 | D:1      | Reached skill level 4 in Axes
  1673 | D:1      | 1673 ||| UPGRADING to +0 leather armour.
  1683 | D:1      | 1683 ||| DROPPING +0 animal skin.
  1684 | D:1      | 1684 ||| UPGRADING to +0 ring mail.
  1694 | D:1      | 1694 ||| DROPPING +0 leather armour.
  1695 | D:1      | 1695 ||| READING 4 scrolls labelled BULYXY FISETHRE.
  1699 | D:1      | 1699 ||| READING scroll labelled IVAUDIYGELL.
  1700 | D:1      | 1700 ||| READING scroll labelled VEUGA HAGYWN.
  2200 | D:2      | Identified the ring "Gudah" {rC+ AC+4 Str+3 Int+6 Stlth+}
  2526 | D:2      | 2526 ||| UPGRADING to ring "Gudah" {rC+ AC+4 Str+3 Int+6
                  | Stlth+}.
  2527 | D:2      | 2527 ||| READING scroll labelled VINTIF WEGY.
  2528 | D:2      | 2528 ||| READING scroll labelled QEAFRI JUIMMEA.
  2529 | D:2      | 2529 ||| READING 3 scrolls labelled BUWOYDGHI WUUBB.
  2530 | D:2      | 2530 ||| DRINKING 3 amethyst potions.
  2531 | D:2      | 2531 ||| READING 2 scrolls of identify.
  2531 | D:2      | 2531 ||| IDENTIFYING grey potion
  2532 | D:2      | 2532 ||| DROPPING potion of degeneration.
  2545 | D:2      | 2545 ||| Stepping ~*~*~tactically~*~*~ (stealth).
  2575 | D:3      | Found Rena's General Store.
  2580 | D:3      | 2580 ||| BUYING +0 pair of gloves (58 gold).
  2580 | D:3      | Bought a +0 pair of gloves for 58 gold pieces
  2580 | D:3      | 2580 ||| SHOPLISTING +0 plate armour (299 gold, have 108).
  2580 | D:3      | 2580 ||| SHOPLISTING +6 ice dragon scales "Ataqonua" {rF-
                  | rC++ Stlth+} (1297 gold, have 108).
  2580 | D:3      | 2580 ||| SHOPLISTING scroll of brand weapon (123 gold, have
                  | 108).
  2580 | D:3      | 2580 ||| BUYING scroll of identify (26 gold).
  2580 | D:3      | Bought a scroll of identify for 26 gold pieces
  2592 | D:3      | 2592 ||| Stepping ~*~*~tactically~*~*~ (stealth).
  2641 | D:3      | Reached XP level 4. HP: 28/28 MP: 4/4
  2729 | D:3      | Found Gafiack's Antique Armour Shop.
  2737 | D:3      | 2737 ||| BUYING chain mail (108 gold).
  2737 | D:3      | Bought a chain mail for 108 gold pieces
  2737 | D:3      | 2737 ||| SHOPLISTING glowing hat (168 gold, have 23).
  2737 | D:3      | 2737 ||| SHOPLISTING glowing ring mail (168 gold, have 23).
  2737 | D:3      | 2737 ||| SHOPLISTING pair of shimmering gloves (228 gold,
                  | have 23).
  2737 | D:3      | 2737 ||| SHOPLISTING runed cloak (180 gold, have 23).
  2737 | D:3      | 2737 ||| SHOPLISTING tower shield (108 gold, have 23).
  2828 | D:3      | 2828 ||| Stepping ~*~*~tactically~*~*~ (stealth).
  2829 | D:3      | 2829 ||| Stepping ~*~*~tactically~*~*~ (stealth).
  2831 | D:3      | 2831 ||| Stepping ~*~*~tactically~*~*~ (stealth).
  3047 | D:3      | Found Furuivog's Armour Shop.
  3083 | D:3      | 3083 ||| Stepping ~*~*~tactically~*~*~ (hiding).
  3087 | D:3      | 3087 ||| INVOKING Berserk.
  3161 | D:3      | 3161 ||| FLEEEEING.
  3162 | D:3      | 3162 ||| FLEEEEING.
  3169 | D:3      | 3169 ||| STAIRDANCE
  3211 | D:2      | 3211 ||| UPGRADING to +0 pair of gloves.
  3216 | D:2      | 3216 ||| UPGRADING to +0 chain mail.
  3226 | D:2      | 3226 ||| DROPPING +0 ring mail.
  3227 | D:2      | 3227 ||| READING 2 scrolls labelled ROFIMO QOLU.
  3328 | D:2      | 3328 ||| READING scroll labelled WERIL MAERA.
  3377 | D:2      | 3377 ||| READING 2 scrolls of identify.
  3377 | D:2      | 3377 ||| IDENTIFYING fuming coppery potion
  3378 | D:2      | 3378 ||| DROPPING potion of berserk rage.
  3379 | D:2      | 3379 ||| DROPPING scroll of silence.
  3385 | D:3      | 3385 ||| INVOKING Berserk.
  3397 | D:3      | Reached skill level 5 in Axes
  3397 | D:3      | Reached XP level 5. HP: 32/32 MP: 5/5
  3786 | D:3      | 3786 ||| READING scroll labelled COILYU KUCOYPHIMA.
  3842 | D:4      | 3842 ||| READING scroll of enchant weapon.
  3842 | D:4      | 3842 ||| ENCHANTING +1 hand axe of chaos.
  3861 | D:4      | 3861 ||| DROPPING +0 whip.
  3866 | D:4      | 3866 ||| READING scroll of enchant weapon.
  3866 | D:4      | 3866 ||| ENCHANTING +2 hand axe of chaos.
  3936 | D:4      | Reached *** piety under Trog
  3951 | D:4      | 3951 ||| INVOKING Berserk.
  4111 | D:4      | Reached XP level 6. HP: 35/38 MP: 6/6
  4197 | D:4      | Reached skill level 6 in Axes
  4694 | D:4      | 4694 ||| READING scroll labelled ROR ULLEALETZ.
  4694 | D:4      | Identified a scroll of acquirement
  4694 | D:4      | 4694 ||| ACQUIRING ring "Zerph" {+Blink rN+ Will- Int+2
                  | Dex+6}
  4694 | D:4      | Acquired the ring "Zerph" {+Blink rN+ Will- Int+2 Dex+6}
  4696 | D:4      | 4696 ||| UPGRADING to ring "Zerph" {+Blink rN+ Will- Int+2
                  | Dex+6}.
  4697 | D:4      | 4697 ||| DRINKING 2 metallic grey potions.
  4711 | D:5      | Entered Level 5 of the Dungeon
  4726 | D:5      | Reached skill level 3 in Armour
  4761 | D:5      | Noticed Menkaure
  4762 | D:5      | 4762 ||| Stepping ~*~*~tactically~*~*~ (hiding).
  4764 | D:5      | 4764 ||| Stepping ~*~*~tactically~*~*~ (hiding).
  4765 | D:5      | 4765 ||| Stepping ~*~*~tactically~*~*~ (hiding).
  4766 | D:5      | 4766 ||| Stepping ~*~*~tactically~*~*~ (hiding).
  4769 | D:5      | 4769 ||| INVOKING Berserk.
  4771 | D:5      | Killed Menkaure
  4772 | D:5      | Reached XP level 7. HP: 43/43 MP: 7/7
  4911 | D:5      | 4911 ||| INVOKING Berserk.
  4919 | D:5      | Reached skill level 7 in Axes
  5276 | D:5      | Found an iron altar of Okawaru.
  5277 | D:5      | Found a radiant altar of Vehumet.
  5277 | D:5      | Found an ornate altar of the Wu Jian Council.
  5278 | D:5      | Found a snail-covered altar of Cheibriados.
  5278 | D:5      | Found a sacrificial altar of Ru.
  5279 | D:5      | Found a basalt altar of Yredelemnul.
  5280 | D:5      | Found a broken altar of Ashenzari.
  5280 | D:5      | Found a glowing golden altar of the Shining One.
  5281 | D:5      | Found a shimmering altar of Xom.
  5282 | D:5      | Found a hazy altar of Hepliaklqana.
  5282 | D:5      | Found a burning altar of Makhleb.
  5292 | D:5      | 5292 ||| INVOKING Berserk.
  5297 | D:5      | Reached XP level 8. HP: 49/49 MP: 8/8
  5555 | D:5      | 5555 ||| DROPPING +2 mace of holy wrath.
  5759 | D:5      | 5759 ||| DROPPING ring of positive energy.
  5760 | D:5      | 5760 ||| READING scroll labelled DEUDWENLUFIU.
  5761 | D:5      | 5761 ||| DRINKING 2 green potions.
  5762 | D:5      | 5762 ||| READING 2 scrolls of identify.
  5762 | D:5      | 5762 ||| IDENTIFYING black potion
  5763 | D:5      | 5763 ||| DROPPING potion of flight.
  5802 | D:6      | Found Exzen's General Store.
  5805 | D:6      | 5805 ||| INVOKING Berserk.
  5862 | D:6      | 5862 ||| BUYING potion of heal wounds (60 gold).
  5862 | D:6      | Bought a potion of heal wounds for 60 gold pieces
  5862 | D:6      | 5862 ||| BUYING scroll of teleportation (36 gold).
  5862 | D:6      | Bought a scroll of teleportation for 36 gold pieces
  5866 | D:6      | 5866 ||| Stepping ~*~*~tactically~*~*~ (stealth).
  5867 | D:6      | 5867 ||| Stepping ~*~*~tactically~*~*~ (stealth).
  5933 | D:6      | Reached skill level 8 in Axes
  6174 | D:6      | 6174 ||| INVOKING Berserk.
  6193 | D:6      | Reached skill level 6 in Fighting
  6363 | D:6      | Found a staircase to the Ecumenical Temple.
  6370 | D:6      | 6370 ||| READING scroll labelled BYKUOJ NUEJOMO.
  6371 | D:6      | 6371 ||| READING scroll labelled YKEEC KALA.
  6437 | D:7      | 6437 ||| Stepping ~*~*~tactically~*~*~ (hiding).
  6438 | D:7      | 6438 ||| Stepping ~*~*~tactically~*~*~ (hiding).
  6442 | D:7      | 6442 ||| INVOKING Berserk.
  6549 | D:7      | 6549 ||| SWAPPING to +2 hand axe of draining.
  6550 | D:7      | 6550 ||| DROPPING +3 hand axe of chaos.
  6629 | D:7      | 6629 ||| SWAPPING to +0 war axe.
  6630 | D:7      | 6630 ||| DROPPING +2 hand axe of draining.
  6865 | D:7      | 6865 ||| INVOKING Berserk.
  7026 | D:7      | 7026 ||| Stepping ~*~*~tactically~*~*~ (hiding).
  7094 | D:7      | 7094 ||| INVOKING Berserk.
  7096 | D:7      | Reached XP level 9. HP: 34/56 MP: 9/9
  7313 | D:7      | 7313 ||| Stepping ~*~*~tactically~*~*~ (hiding).
  7319 | D:7      | 7319 ||| INVOKING Berserk.
  7323 | D:7      | Reached skill level 9 in Axes
  7437 | D:7      | 7437 ||| INVOKING Berserk.
  7576 | D:7      | 7576 ||| INVOKING Berserk.
  7884 | D:7      | 7884 ||| UPGRADING to +0 pair of boots.
  7889 | D:7      | 7889 ||| DROPPING amulet of magic regeneration.
  7890 | D:7      | 7890 ||| READING scroll labelled ZOPTARAOJIE.
  7958 | D:8      | 7958 ||| PLANNING OSSUARY
  7972 | D:8      | Noticed Joseph
  7988 | D:8      | 7988 ||| INVOKING Berserk.
  7990 | D:8      | Killed Joseph
  8198 | D:8      | 8198 ||| Stepping ~*~*~tactically~*~*~ (stealth).
  8219 | D:8      | 8219 ||| DRINKING 5 potions of curing.
  8219 | D:8      | 8219 ||| (to cure confusion)
  8229 | D:8      | 8229 ||| DRINKING 4 potions of curing.
  8229 | D:8      | 8229 ||| (to cure confusion)
  8310 | D:8      | 8310 ||| DROPPING +0 flail.
  8322 | D:8      | 8322 ||| Stepping ~*~*~tactically~*~*~ (hiding).
  8325 | D:8      | 8325 ||| INVOKING Berserk.
  8332 | D:8      | Reached skill level 1 in Throwing
  8341 | D:8      | Reached skill level 10 in Axes
  8357 | D:8      | Reached XP level 10. HP: 29/64 MP: 10/10
  8368 | D:8      | Found a staircase to the Lair.
  8407 | D:8      | 8407 ||| Stepping ~*~*~tactically~*~*~ (stealth).
  8598 | D:8      | 8598 ||| Stepping ~*~*~tactically~*~*~ (hiding).
  8714 | D:8      | 8714 ||| RIP OSSUARY
  8742 | D:8      | 8742 ||| PLANNING LAIR
  8742 | D:8      | 8742 ||| UPGRADING to ring of resist corrosion.
  8744 | D:8      | 8744 ||| READING 2 scrolls of identify.
  8744 | D:8      | 8744 ||| IDENTIFYING red potion
  8745 | D:8      | 8745 ||| DROPPING potion of attraction.
  8760 | Lair:1   | Entered Level 1 of the Lair of Beasts
  8760 | Lair:1   | Found a frozen archway.
  8767 | Lair:1   | 8767 ||| INVOKING Berserk.
  8770 | Lair:1   | HP: 24/96 [polar bear simulacrum (3)]
  8773 | Lair:1   | HP: 10/96 [rime drake (5)]
  8916 | Lair:1   | Noticed a black mamba
  8919 | Lair:1   | 8919 ||| INVOKING Berserk.
  8923 | Lair:1   | Killed a black mamba
  8924 | Lair:1   | Reached skill level 11 in Axes
  9074 | Lair:1   | Reached skill level 6 in Armour
  9182 | Lair:1   | 9182 ||| INVOKING Berserk.
  9193 | Lair:1   | HP: 22/97 [komodo dragon (14)]
  9194 | Lair:1   | Reached skill level 9 in Fighting
  9572 | Lair:1   | 9572 ||| INVOKING Berserk.
  9680 | Lair:1   | Identified the +2 leather armour "Kumney" {rF+ Dex+4}
  9836 | Lair:1   | 9836 ||| Stepping ~*~*~tactically~*~*~ (stealth).
  9837 | Lair:1   | 9837 ||| Stepping ~*~*~tactically~*~*~ (stealth).
  9838 | Lair:1   | 9838 ||| Stepping ~*~*~tactically~*~*~ (stealth).
  9840 | Lair:1   | 9840 ||| Stepping ~*~*~tactically~*~*~ (stealth).
  9858 | Lair:1   | Reached skill level 12 in Axes
  9942 | Lair:1   | Noticed a four-headed hydra
  9945 | Lair:1   | 9945 ||| SWAPPING to +1 flail of draining.
  9947 | Lair:1   | 9947 ||| INVOKING Berserk.
  9951 | Lair:1   | Killed a four-headed hydra
  9952 | Lair:1   | Reached XP level 11. HP: 71/71 MP: 11/11
 10000 | Lair:1   | 10000 ||| SWAPPING to +0 war axe.
 10126 | Lair:1   | 10126 ||| READING scroll of acquirement.
 10126 | Lair:1   | 10126 ||| ACQUIRING +0 pair of boots of Koirghol {Harm rC-
                  | rN++}
 10126 | Lair:1   | Acquired the +0 pair of boots of Koirghol {Harm rC- rN++}
 10128 | Lair:1   | 10128 ||| UPGRADING to +2 cloak.
 10219 | Lair:1   | 10219 ||| INVOKING Berserk.
 10348 | Lair:1   | 10348 ||| READING scroll labelled JUSATU APNUER.
 10349 | Lair:1   | 10349 ||| DRINKING 2 bubbling white potions.
 10350 | Lair:1   | 10350 ||| READING 2 scrolls of identify.
 10350 | Lair:1   | 10350 ||| IDENTIFYING silvery potion
 10401 | Lair:2   | 10401 ||| Stepping ~*~*~tactically~*~*~ (stealth).
 10403 | Lair:2   | 10403 ||| Stepping ~*~*~tactically~*~*~ (stealth).
 10408 | Lair:2   | 10408 ||| INVOKING Berserk.
 10567 | Lair:2   | 10567 ||| Stepping ~*~*~tactically~*~*~ (hiding).
 10568 | Lair:2   | 10568 ||| Stepping ~*~*~tactically~*~*~ (hiding).
 10569 | Lair:2   | 10569 ||| Stepping ~*~*~tactically~*~*~ (hiding).
 10621 | Lair:2   | 10621 ||| Stepping ~*~*~tactically~*~*~ (stealth).
 10633 | Lair:2   | 10633 ||| INVOKING Berserk.
 10991 | Lair:2   | 10991 ||| Stepping ~*~*~tactically~*~*~ (stealth).
 10993 | Lair:2   | 10993 ||| Stepping ~*~*~tactically~*~*~ (stealth).
 11000 | Lair:2   | 11000 ||| INVOKING Berserk.
 11017 | Lair:2   | HP: 18/72 [bullfrog (2)]
 11018 | Lair:2   | 11018 ||| READING 7 scrolls of teleportation.
 11019 | Lair:2   | 11019 ||| DRINKING 2 potions of heal wounds.
 11114 | Lair:2   | 11114 ||| INVOKING Berserk.
 11121 | Lair:2   | Reached skill level 13 in Axes
 11140 | Lair:2   | Reached **** piety under Trog
 11175 | Lair:2   | 11175 ||| INVOKING Berserk.
 11429 | Lair:2   | Found a hole to the Spider Nest.
 11441 | Lair:2   | 11441 ||| INVOKING Berserk.
 11467 | Lair:2   | HP: 18/72 [jumping spider (13)]
 11468 | Lair:2   | 11468 ||| READING 6 scrolls of teleportation.
 11469 | Lair:2   | 11469 ||| DRINKING potion of heal wounds.
 11598 | Lair:2   | 11598 ||| Stepping ~*~*~tactically~*~*~ (stealth).
 11796 | Lair:2   | 11796 ||| INVOKING Berserk.
 11801 | Lair:2   | HP: 23/108 [elephant (6)]
 11806 | Lair:2   | HP: 22/108 [elephant (2)]
 11811 | Lair:2   | Reached skill level 14 in Axes
 11811 | Lair:2   | Reached XP level 12. HP: 24/77 MP: 12/12
 12077 | Lair:2   | Found a staircase to the Shoals.
 12137 | Lair:2   | Noticed Fannar
 12160 | Lair:2   | 12160 ||| INVOKING Berserk.
 12168 | Lair:2   | Killed Fannar
 12784 | Lair:3   | 12784 ||| Stepping ~*~*~tactically~*~*~ (stealth).
 12786 | Lair:3   | 12786 ||| Stepping ~*~*~tactically~*~*~ (stealth).
 12787 | Lair:3   | 12787 ||| Stepping ~*~*~tactically~*~*~ (stealth).
 12793 | Lair:3   | 12793 ||| FLEEEEING.
 12794 | Lair:3   | 12794 ||| FLEEEEING.
 12795 | Lair:3   | 12795 ||| STAIRDANCE
 12849 | Lair:3   | 12849 ||| STAIRDANCE
 12973 | Lair:3   | 12973 ||| INVOKING Berserk.
 13027 | Lair:3   | 13027 ||| Stepping ~*~*~tactically~*~*~ (stealth).
 13031 | Lair:3   | 13031 ||| INVOKING Berserk.
 13366 | Lair:3   | 13366 ||| Stepping ~*~*~tactically~*~*~ (stealth).
 13368 | Lair:3   | 13368 ||| Stepping ~*~*~tactically~*~*~ (stealth).
 13369 | Lair:3   | 13369 ||| Stepping ~*~*~tactically~*~*~ (stealth).
 13372 | Lair:3   | 13372 ||| INVOKING Berserk.
 13500 | Lair:3   | Reached skill level 9 in Armour
 13523 | Lair:3   | 13523 ||| INVOKING Berserk.
 13677 | Lair:3   | 13677 ||| Stepping ~*~*~tactically~*~*~ (stealth).
 13682 | Lair:3   | 13682 ||| Stepping ~*~*~tactically~*~*~ (stealth).
 13684 | Lair:3   | 13684 ||| Stepping ~*~*~tactically~*~*~ (stealth).
 13686 | Lair:3   | 13686 ||| Stepping ~*~*~tactically~*~*~ (stealth).
 13690 | Lair:3   | 13690 ||| Stepping ~*~*~tactically~*~*~ (stealth).
 13692 | Lair:3   | 13692 ||| Stepping ~*~*~tactically~*~*~ (stealth).
 13697 | Lair:3   | 13697 ||| Stepping ~*~*~tactically~*~*~ (stealth).
 13720 | Lair:3   | 13720 ||| INVOKING Berserk.
 14274 | Lair:3   | 14274 ||| DRINKING 2 bubbling pink potions.
 14275 | Lair:3   | 14275 ||| DROPPING potion of magic.
 14313 | Lair:4   | You fall into a shaft and drop 1 floor!
 14313 | Lair:5   | Entered Level 5 of the Lair of Beasts
 14315 | Lair:5   | 14315 ||| Stepping ~*~*~tactically~*~*~ (stealth).
 14317 | Lair:5   | 14317 ||| INVOKING Berserk.
 14537 | Lair:5   | Noticed a seven-headed hydra
 14542 | Lair:5   | 14542 ||| SWAPPING to +1 flail of draining.
 14545 | Lair:5   | 14545 ||| INVOKING Berserk.
 14551 | Lair:5   | Killed a seven-headed hydra
 14581 | Lair:5   | 14581 ||| SWAPPING to +0 war axe.
 14610 | Lair:5   | 14610 ||| Stepping ~*~*~tactically~*~*~ (stealth).
 14611 | Lair:5   | 14611 ||| Stepping ~*~*~tactically~*~*~ (stealth).
 14705 | Lair:5   | 14705 ||| INVOKING Berserk.
 14712 | Lair:5   | Reached skill level 15 in Axes
 14834 | Lair:5   | 14834 ||| INVOKING Berserk.
 14843 | Lair:5   | Reached skill level 3 in Dodging
 14858 | Lair:5   | 14858 ||| Stepping ~*~*~tactically~*~*~ (stealth).
 14861 | Lair:5   | Noticed Kirke
 14862 | Lair:5   | 14862 ||| INVOKING Trog's Hand.
 14882 | Lair:5   | HP: 16/81 [lindwurm[Kirke] (8)]
 14883 | Lair:5   | 14883 ||| READING 6 scrolls of teleportation.
 14884 | Lair:5   | Noticed a sphinx
 14884 | Lair:5   | Killed Kirke
 14885 | Lair:5   | Reached skill level 12 in Fighting
 14885 | Lair:5   | HP: 3/82 [hell rat (12)]
 14886 | Lair:5   | 14886 ||| READING 5 scrolls of teleportation.
 14886 | Lair:5   | Slain by a hell rat

Levels and vault maps discovered:
D:1:      evilmike_arrival_plus, layout_basic,
          hangedman_abyss_or_decor_lesser_grid, st_stairs_3, minmay_hexomino_c4
D:2:      layout_basic
D:3:      layout_basic, serial_shops, nicolae_shop_behind_doors,
          nicolae_shop_hallway_stairs, shop
D:4:      layout_basic, serial_bayou_pond_a, dk_noncrumbling_3,
          chequers_serial_rivers_room_a, minivault_19
D:5:      layout_gridville, nicolae_overflows_in_rows, serial_rivers,
          chequers_serial_rivers_small_b, chequers_serial_rivers_micro_d,
          chequers_serial_rivers_room_a, chequers_serial_rivers_small_3,
          chequers_serial_rivers_micro_c, chequers_arboretum,
          minmay_misc_feat_chi, uniq_menkaure
D:6:      layout_cave_pools, minmay_temple_entry_poolview, serial_shops,
          nicolae_stop_n_shop_2
D:7:      layout_basic
D:8:      layout_basic, minmay_lair_entry_grove, nicolae_ossuary_entry_giza,
          serial_shops, shop, uniq_joseph
Lair:1:   layout_gridlike, portal_ice_cave_entry_ice_simulacra,
          lemuel_fruit_tree
Lair:2:   layout_small_grid, minmay_shoals_entry_lonely_mermaid,
          spider_nest_entry_a, grunt_megastairs_4, uniq_fannar
Lair:3:   layout_regular_city, grunt_megastairs_3
Lair:4:   layout_gridlike, serial_rivers, chequers_serial_rivers_micro_d,
          chequers_serial_rivers_small_a, chequers_serial_rivers_micro_a,
          chequers_serial_rivers_room_b, chequers_serial_rivers_micro_a,
          chequers_serial_rivers_room_b, pond
Lair:5:   hangedman_lair_in_review, layout_small_grid, guppyfry_lair_end_dragon,
          slime_entry_2, serial_forest, infiniplex_forest_clump_large,
          infiniplex_forest_straight_5, infiniplex_forest_straight_1,
          infiniplex_forest_clump_double, infiniplex_forest_straight_2,
          infiniplex_forest_straight_2, uniq_kirke, uniq_snorg

Skill      XL: |  1  2  3  4  5  6  7  8  9 10 11 12 |
---------------+-------------------------------------+-----
Axes           | 3 4 5 6 7 8 10 12 14 15 | 15.0
Fighting       | 4 5 6 7 9 10 12 | 12.3
Armour         | 3 4 5 7 8 9 |  9.0
Dodging        | 2 3 |  3.1
Throwing       | 1 |  1.4

Action                   |  1- 3 |  4- 6 |  7- 9 | 10-12 || total
-------------------------+-------+-------+-------+-------++-------
Melee: Hand axe          |   168 |   107 |    77 |       ||   352
       Punch             |     2 |       |     4 |     7 ||    13
       War axe           |       |       |   119 |   523 ||   642
       Flail             |       |       |       |    13 ||    13
Throw: Boomerang         |       |       |       |    24 ||    24
Invok: Berserk           |     1 |     4 |    12 |    23 ||    40
       Trog's Hand       |       |       |       |     1 ||     1
  Use: Scroll            |     7 |     7 |     5 |     8 ||    27
       Potion            |     1 |     1 |     3 |     4 ||     9
 Stab: Sleeping          |       |     1 |       |       ||     1
Armor: Animal skin       |    38 |       |       |       ||    38
       Ring mail         |    22 |     8 |       |       ||    30
       Chain mail        |       |    45 |   183 |   441 ||   669
Dodge: Dodged            |   103 |    39 |   146 |   285 ||   573

Table legend:
 A = Non-vault XP
 B = Vault XP
 C = Vault XP percentage of total XP
 D = Non-vault monster count
 E = Vault monster count
 F = Vault count percentage of total count
                 A         B        C        D         E       F
            +---------+---------+-------+---------+---------+-------
      Total |   23866 |    8084 |  25.3 |     212 |      41 |  16.2
            +---------+---------+-------+---------+---------+-------
        D:1 |      46 |      10 |  17.9 |      28 |       6 |  17.6
        D:2 |      16 |       0 |   0.0 |      11 |       0 |   0.0
        D:3 |     119 |       0 |   0.0 |      19 |       0 |   0.0
        D:4 |     331 |       0 |   0.0 |      22 |       0 |   0.0
        D:5 |     540 |     169 |  23.8 |      14 |       1 |   6.7
        D:6 |     548 |       0 |   0.0 |       7 |       0 |   0.0
        D:7 |    1151 |       0 |   0.0 |      19 |       0 |   0.0
        D:8 |     245 |    2067 |  89.4 |       9 |      13 |  59.1
     Lair:1 |    4793 |      32 |   0.7 |      20 |       1 |   4.8
     Lair:2 |    7406 |    2704 |  26.7 |      29 |      11 |  27.5
     Lair:3 |    3985 |       0 |   0.0 |      18 |       0 |   0.0
     Lair:5 |    4686 |    3102 |  39.8 |      16 |       9 |  36.0
            +---------+---------+-------+---------+---------+-------
